 Dungeon Crawl Stone Soup version 0.29-a0-330-g52719c12eb (webtiles) character file.

Game seed: 11883834430676414350

2117 kae the Arsonist (level 9, -3/45 HPs)
             Began as a Tengu Fire Elementalist on Apr 14, 2022.
             Slain by a gnoll
             ... wielding a +0 club
              (5 damage)
             ... on level 7 of the Dungeon.
             The game lasted 00:05:34 (7713 turns).

kae the Arsonist (Tengu Fire Elementalist)          Turns: 7713, Time: 00:05:34

Health: -3/45      AC:  9    Str:  8    XL:     9   Next: 29%
Magic:  0/27       EV: 14    Int: 26    God:
Gold:   529        SH:  0    Dex: 14    Spells: 1/19 levels left

rFire   . . .      SeeInvis .   y - +7 mace of Hell's Wrath {venom, Int+5}
rCold   . . .      Faith    .   (no shield)
rNeg    . . .      Spirit   +   a - +0 robe
rPois   .          Reflect  .   c - +2 hat
rElec   .          Harm     .   k - +0 cloak
rCorr   .          Rampage  .   (no gloves)
Will    .....                   (boots unavailable)
Stlth   +.........              s - amulet of guardian spirit
HPRegen 0.15/turn               m - +4 ring of protection
MPRegen 0.20/turn               n - ring of magical power

@: lethally poisoned (-3 -> -17), lit by a corona, flying quickly and evasively,
glowing, quick
A: beak, talons 3, nimble flight
a: no special abilities


You were on level 7 of the Dungeon.
You visited 2 branches of the dungeon, and saw 8 of its levels.
You also visited: Ossuary.

You collected 529 gold pieces.

Inventory:

Hand Weapons
 d - a +0 mace of electrocution
 h - a +2 dagger of electrocution
 u - a +2 trident of venom
 y - the +7 mace of Hell's Wrath (weapon) {venom, Int+5}
   (You found it on level 4 of the Dungeon)

   It poisons the flesh of those it strikes.
   Int:       It affects your intelligence (+5).
Armour
 a - a +0 robe (worn)
 c - a +2 hat (worn)
 k - a +0 cloak (worn)
Jewellery
 m - a +4 ring of protection (left hand)
 n - a ring of magical power (right hand)
 s - an amulet of guardian spirit (around neck)
 x - a +6 ring of strength
Wands
 g - a wand of flame (15)
 w - a wand of digging (7)
 C - a wand of acid (11)
Scrolls
 j - 5 scrolls of teleportation
 l - 2 scrolls of magic mapping
 q - a scroll of vulnerability
 r - 2 scrolls of amnesia
 t - 2 scrolls of enchant weapon
 A - a scroll of blinking
Potions
 b - 2 potions of magic
 e - 9 potions of degeneration
 f - 3 potions of might
 i - 3 potions of mutation
 o - 4 potions of heal wounds
 p - 4 potions of brilliance
 v - 2 potions of invisibility
 z - a potion of lignification
 B - 3 potions of curing
 D - a potion of haste {unknown}


   Skills:
 - Level 2.1 Dodging
 - Level 2.0 Stealth
 + Level 5.7 Spellcasting
 + Level 7.8 Conjurations
 * Level 9.9 Fire Magic


You had one spell level left.
You knew the following spells:

 Your Spells              Type           Power      Damage    Failure   Level
a - Foxfire               Conj/Fire      100%       2x1d9     1%          1
b - Scorch                Fire           100%       2d10      1%          2
c - Conjure Flame         Conj/Fire      52%        6-21      1%          3
d - Inner Flame           Hex/Fire       33%        N/A       2%          3
e - Flame Wave            Conj/Fire      52%        2d11      1%          4
f - Fireball              Conj/Fire      26%        3d12      4%          5

Your spell library contained the following spells:

 Spells                   Type           Power      Damage    Failure   Level
 Shock                    Conj/Air       100%       1d9       1%          1
 Animate Skeleton         Necr           14%        N/A       7%          1
 Pain                     Necr           28%        1d5       7%          1
 Vampiric Draining        Necr           7%         2d6       22%         3


Dungeon Overview and Level Annotations

Branches:
Dungeon (7/15)             Temple (1/1) D:6         Ossuary (visited)

Altars:
Cheibriados
Dithmenos
Elyvilon
Fedhas
Gozag
Hepliaklqana
Kikubaaqudgha
Nemelex Xobeh
Okawaru
Ru
Sif Muna
Trog
Wu Jian
Xom
Yredelemnul
Zin
The Shining One


Innate Abilities, Weirdness & Mutations

You have a beak for a mouth.
You have claws for feet.
Your magical nature lets you fly swiftly and evasively.


Message History

The gnoll hits you with a +0 club.
* * * LOW HITPOINT WARNING * * *
The gnoll shaman hits you with a +0 club.
* * * LOW HITPOINT WARNING * * *
The gnoll hits you but does no damage.
You are more poisoned.
The gnoll barely misses you.
Unknown command.
You feel much better.
You feel very sick. The gnoll barely misses you.
The gnoll shaman barely misses you. The gnoll misses you.
Casting: Foxfire (safe; 1% risk of failure)
Confirm with . or Enter, or press ? or * to list all spells.
Flames lash the gnoll shaman.
The gnoll shaman is severely wounded.
The gnoll shaman's fire resistance burns away.
You feel very sick. The gnoll hits you with a +0 club.
The gnoll shaman hits you with a +0 club.
* * * LOW HITPOINT WARNING * * *
The gnoll hits you from afar with a +0 spear of venom.
* * * LOW HITPOINT WARNING * * *
You are more poisoned.
The gnoll hits you but does no damage.
* * * LOW HITPOINT WARNING * * *
You feel very sick. The gnoll closely misses you.
The gnoll shaman mumbles some strange prayers to its god against you.
You are outlined in light.
The gnoll misses you.
Casting: Scorch (safe; 1% risk of failure)
Confirm with . or Enter, or press ? or * to list all spells.
Flames lash the gnoll.
You kill the gnoll!
* * * LOW HITPOINT WARNING * * *
You feel very sick. The gnoll closely misses you.
The gnoll shaman hits you but does no damage.
The gnoll hits you with a +0 club!
You die...

.... .# ... #.# #.. #.#
#.. #.# #.# #.# # #)#
#.# #####.#)##########.#
......g@g..........####
####..#.....#####....[##
#. #####.# #..###.. #
#.#####.## ##. #.......#
#. #######.## ##.
######..###.#
............##
...####.##.##


You could see a gnoll shaman (combustible) and a gnoll (fast).

Vanquished Creatures
  Eustachio (D:6)
  Edmund (D:5)
  A sky beast (D:7)
  2 black bears (D:7)
  2 ogres
  3 phantoms (D:6)
  A bullfrog (D:7)
  3 scorpions
  4 wights (D:7)
  4 howler monkeys
  2 centaur zombies (Ossuary)
  A gnoll shaman (D:7)
  3 hounds
  5 iguanas
  Terence (D:3)
  3 mummies (Ossuary)
  9 gnolls
  6 adders
  A white imp (D:6)
  An ufetubus (D:5)
  3 worms
  2 dart slugs (D:3)
  4 orcs
  6 ball pythons
  3 endoplasms
  6 giant cockroaches
  9 goblins
  6 hobgoblins
  2 jackals (D:1)
  A quokka (D:4)
  2 bats (D:1)
  A frilled lizard (D:3)
  3 goblin zombies (Ossuary)
  A hobgoblin zombie (Ossuary)
  4 kobolds
  2 orc zombies (Ossuary)
  A rat (D:1)
110 creatures vanquished.

Vanquished Creatures (collateral kills)
  A white imp (D:6)
1 creature vanquished.

Vanquished Creatures (others)
  366 foxfires
366 creatures vanquished.

Grand Total: 477 creatures vanquished

Notes
Turn   | Place    | Note
-------+----------+-------------------------------------------
     0 | D:1      | kae the Tengu Fire Elementalist began the quest for the
                  | Orb.
     0 | D:1      | Reached XP level 1. HP: 10/10 MP: 4/4
   270 | D:1      | Reached XP level 2. HP: 12/15 MP: 4/6
  1403 | D:2      | Learned a level 2 spell: Scorch
  1482 | D:2      | Reached skill level 4 in Fire Magic
  1482 | D:2      | Reached XP level 3. HP: 19/19 MP: 3/7
  1486 | D:2      | Learned a level 3 spell: Conjure Flame
  1537 | D:2      | Found a faded altar of an unknown god.
  2498 | D:3      | Reached XP level 4. HP: 24/24 MP: 8/8
  3432 | D:3      | Noticed Terence
  3440 | D:3      | Killed Terence
  3441 | D:3      | Gained mutation: Your magical nature lets you fly swiftly
                  | and evasively. [Tengu growth]
  3441 | D:3      | Reached XP level 5. HP: 28/28 MP: 10/10
  3573 | D:3      | Reached skill level 5 in Fire Magic
  4266 | D:4      | Found a basalt altar of Yredelemnul.
  4458 | D:4      | Found a white marble altar of Elyvilon.
  4655 | D:4      | Identified the +7 mace of Hell's Wrath {venom, Int+5}
  4676 | D:5      | Entered Level 5 of the Dungeon
  4692 | D:5      | Reached XP level 6. HP: 30/32 MP: 11/11
  4947 | D:5      | Reached skill level 6 in Fire Magic
  5057 | D:5      | Reached XP level 7. HP: 18/36 MP: 10/13
  5383 | D:6      | Reached skill level 5 in Conjurations
  5446 | D:6      | Reached skill level 7 in Fire Magic
  5493 | D:6      | Noticed Edmund
  5547 | D:5      | Killed Edmund
  5650 | D:6      | Identified the +2 shortbow "Eloem" {venom, Fragile rF+
                  | Will+}
  5687 | D:6      | Found a sand-covered staircase.
  5692 | Ossuary  | Entered an ossuary
  5837 | Ossuary  | Reached XP level 8. HP: 41/41 MP: 15/15
  6245 | D:6      | Got the Tome of Conjuration
  6294 | D:6      | Found a staircase to the Ecumenical Temple.
  6423 | D:6      | Reached skill level 8 in Fire Magic
  6512 | D:6      | Noticed Eustachio
  6556 | D:6      | Killed Eustachio
  6905 | Temple   | Entered the Ecumenical Temple
  7044 | D:7      | Reached skill level 5 in Spellcasting
  7080 | D:7      | Reached skill level 9 in Fire Magic
  7262 | D:7      | Reached XP level 9. HP: 45/45 MP: 18/18
  7266 | D:7      | Learned a level 3 spell: Inner Flame
  7271 | D:7      | Learned a level 4 spell: Flame Wave
  7277 | D:7      | Learned a level 5 spell: Fireball
  7410 | D:7      | Found a shimmering blue altar of Sif Muna.
  7579 | D:7      | Found a shadowy altar of Dithmenos.
  7713 | D:7      | HP: 2/45 [poisoned by a gnoll]
  7713 | D:7      | Slain by a gnoll

Illustrated notes

Levels and vault maps discovered:
D:1:      tarquinn_simple_flora_water_d, layout_basic
D:2:      layout_basic, hellmonk_ecumenical_altar_blasted, serial_corexii_hall,
          chequers_hall_statues_corner_a, corexii_hall_statues_i,
          roderic_serpentine_path, kennysheep_generic_room_11
D:3:      layout_loops_corners, uniq_terence
D:4:      layout_basic, kennysheep_ying_yang
D:5:      layout_rooms, hangedman_decor_lopped
D:6:      layout_basic, minmay_temple_entry_wispy, enter_ossuary_2, uniq_edmund,
          uniq_eustachio
D:7:      layout_loops_ring, mainiacjoe_overflow_large_starburst
Temple:   cyrus_circular_temple

Skill      XL: |  1  2  3  4  5  6  7  8 |
---------------+-------------------------+-----
Conjurations   | 2 3 4 5 7 |  7.8
Fire Magic     | 4 5 6 7 9 |  9.9
Spellcasting   | 3 4 5 |  5.7
Dodging        | |  2.1
Stealth        | |  2.0

Action                   |  1- 3 |  4- 6 |  7- 9 || total
-------------------------+-------+-------+-------++-------
Melee: Mace              |     7 |    12 |    28 ||    47
       Unarmed           |     3 |       |       ||     3
       Kick              |     4 |     6 |     9 ||    19
       Peck              |     5 |     1 |    10 ||    16
       Dagger            |    22 |       |       ||    22
       Punch             |     1 |     1 |     2 ||     4
       Trident           |       |     6 |       ||     6
 Cast: Foxfire           |    48 |    75 |   102 ||   225
       Scorch            |     5 |    11 |    31 ||    47
       Conjure Flame     |       |     2 |     3 ||     5
  Use: Scroll            |     4 |       |    15 ||    19
       Potion            |       |       |     1 ||     1
Armor: Robe              |    12 |    12 |    37 ||    61
Dodge: Dodged            |    30 |    40 |    90 ||   160

Table legend: (Time is in decaauts)
 A = Elapsed time spent in this place.
 B = Non-inter-level travel time spent in this place.
 C = Inter-level travel time spent in this place.
 D = Time resting spent in this place.
 E = Time spent auto-exploring this place.
 F = Levels seen in this place.
 G = Mean time per level.
                   A        B        C        D        E       F      G
               +--------+--------+--------+--------+--------+-----+--------+
         Total |   7483 |   7149 |    334 |      0 |   5955 |   9 |  831.4 |
       Dungeon |   7016 |   6691 |    325 |      0 |   5675 |   7 | 1002.3 |
        Temple |     46 |     37 |      9 |      0 |     30 |   1 |   46.0 |
       Ossuary |    420 |    420 |      0 |      0 |    250 |   1 |  420.0 |
               +--------+--------+--------+--------+--------+-----+--------+

Top non-repeatable levels by time:
     D:1: 1390 daAuts
     D:3: 1266 daAuts
     D:2: 1037 daAuts
     D:6: 917 daAuts
     D:4: 894 daAuts
     D:5: 793 daAuts
     D:7: 715 daAuts
 Ossuary: 420 daAuts
  Temple: 46 daAuts
